 Dungeon Crawl Stone Soup version 0.30-a0-726-gd89dcf765f (webtiles) character file.

Game seed: 3754270804159668262

53 experimilk the Stinger (level 3, -2/19 HPs)
             Began as a Tengu Venom Mage on Jan 30, 2023.
             Slain by Natasha (3 damage)
             ... on level 2 of the Dungeon.
             The game lasted 00:05:37 (2702 turns).

experimilk the Stinger (Tengu Venom Mage)           Turns: 2702, Time: 00:05:38

Health: -2/19      AC:  2    Str:  8    XL:     3   Next: 87%
Magic:  0/7        EV: 12    Int: 23    God:
Gold:   51         SH:  0    Dex: 14    Spells: 3/6 levels left

rFire   . . .      SeeInvis .    d - +0 whip
rCold   . . .      Faith    .    (no shield)
rNeg    . . .      Spirit   .    a - +0 robe
rPois   .          Reflect  .    (helmet restricted)
rElec   .          Harm     .    (no cloak)
rCorr   .          Rampage  .    (no gloves)
Will    .....                    (boots unavailable)
Stlth   ++                       (no amulet)
HPRegen 0.23/turn                c - +6 ring of intelligence
MPRegen 0.10/turn                (no ring)

@: very slightly contaminated, slowed, very slow
A: beak, talons 3
a: no special abilities


You were on level 2 of the Dungeon.
You visited 1 branch of the dungeon, and saw 2 of its levels.

You collected 51 gold pieces.

Inventory:

Hand Weapons
 d - a +0 whip (weapon)
Armour
 a - a +0 robe (worn)
Jewellery
 c - a +6 ring of intelligence (left hand)
 i - an amulet of faith
Scrolls
 f - 2 scrolls of vulnerability {unknown}
 g - a scroll of magic mapping {unknown}
 j - a scroll of identify {unknown}
 m - a scroll of enchant weapon {unknown}
Potions
 b - a potion of magic
 e - a potion of flight {unknown}
 h - a potion of heal wounds {unknown}
 k - a potion of attraction {unknown}
 l - a potion of lignification {unknown}


   Skills:
 - Level 2.1 Dodging
 - Level 2.0 Stealth
 - Level 2.0 Spellcasting
 - Level 0.7 Transmutations
 * Level 4.7 Poison Magic


You had 3 spell levels left.
You knew the following spells:

 Your Spells              Type           Power      Damage    Failure   Level
a - Poisonous Vapours     Pois/Air       26%        N/A       8%          2
b - Sting                 Tmut/Pois      56%        1d5       4%          1

Your spell library contained the following spells:

 Spells                   Type           Power      Damage    Failure   Level
 Mephitic Cloud           Conj/Pois/Air  9%         N/A       21%         3
 Olgreb's Toxic Radiance  Pois           23%        N/A       19%         4


Dungeon Overview and Level Annotations

Branches:
Dungeon (2/15)

Altars:

Annotations:
D:2 Natasha, Robin


Innate Abilities, Weirdness & Mutations

You have a beak for a mouth.
You have claws for feet.


Message History

You now have 51 gold pieces (gained 2).
Natasha and a giant cockroach come into view.
You miscast Sting.
You are very lightly contaminated with residual magic.
Nothing appears to happen.
Natasha hisses angrily.
Natasha barely misses you.
The sting misses Natasha.
Natasha stares at you and mumbles some strange words.
You feel yourself slow down. The giant cockroach closely misses you.
The sting misses Natasha.
Natasha closely misses you.
The giant cockroach bites you but does no damage.
Natasha claws you! The giant cockroach bites you.
The sting hits Natasha.
Natasha is poisoned.
Natasha is lightly wounded.
The giant cockroach misses you. Natasha claws you.
You are too injured to fight recklessly!
You are too injured to fight recklessly!
Casting: Sting (safe; 4% risk of failure)
Confirm with . or Enter, or press ? or * to list all spells.
Aiming: Poisonous Vapours (safe; 8% risk of failure)
Press: ? - help, Dir - move target, f/p - Natasha
Aim: Natasha (moderately wounded, poisoned) Poisonous vapours surround Natasha!
Natasha looks even sicker.
The giant cockroach bites you but does no damage.
Natasha closely misses you.
The giant cockroach bites you but does no damage.
Natasha claws you!
* * * LOW HITPOINT WARNING * * *
Casting: Poisonous Vapours (safe; 8% risk of failure)
Confirm with . or Enter, or press ? or * to list all spells.
You don't have enough magic to cast this spell.
Casting: Poisonous Vapours (safe; 8% risk of failure)
Confirm with . or Enter, or press ? or * to list all spells.
Aiming: Sting (safe; 4% risk of failure)
Press: ? - help, Shift-Dir - straight line, f/p - Natasha
Aim: Natasha (moderately wounded, very poisoned, 64% to hit)
The sting misses Natasha.
The giant cockroach barely misses you. Natasha claws you.
You die...

..........#..##...))..##
.....#..#...##..#######
.....#..#...##.## ##
#...##.###.....# ..#
#...#..# #...### ..#
##.##.## ##..### ...#
.#.#.. #....# #...#
.###.# ##.#.##h...# ..#
#.#..@.# ..# #.##B#.#
#... ..##.#.# ####
##.....# ..#### #.. #..
#.#


You could see Natasha (very poisoned) and a giant cockroach.

Vanquished Creatures
  An adder (D:2)
  2 dart slugs (D:1)
  3 endoplasms
  2 giant cockroaches
  8 goblins
  5 hobgoblins
  2 jackals (D:1)
  2 kobolds
  A ball python (D:1)
  3 bats
  4 frilled lizards (D:1)
  6 rats (D:1)
39 creatures vanquished.

Notes
Turn   | Place    | Note
-------+----------+-------------------------------------------
     0 | D:1      | experimilk the Tengu Venom Mage began the quest for the
                  | Orb.
     0 | D:1      | Reached XP level 1. HP: 10/10 MP: 4/4
   215 | D:1      | Reached XP level 2. HP: 15/15 MP: 0/6
   550 | D:1      | Learned a level 2 spell: Poisonous Vapours
   576 | D:1      | Reached skill level 4 in Poison Magic
  1108 | D:1      | Reached XP level 3. HP: 19/19 MP: 4/7
  2297 | D:2      | Noticed Robin
  2695 | D:2      | Noticed Natasha
  2702 | D:2      | Slain by Natasha

Illustrated notes

Levels and vault maps discovered:
D:1:      spicycebolla_arrival_xxxplode, layout_basic, minmay_tromino_v4_b
D:2:      layout_rooms, minmay_unequal, uniq_natasha, uniq_robin

Skill      XL: |  1  2 |
---------------+-------+-----
Poison Magic   | 4 |  4.7
Dodging        | |  2.1
Stealth        | |  2.0
Spellcasting   | |  2.0
Transmutations | |  0.7

Action                     || total
---------------------------++-------
  Melee: Unarmed           ||     3
         Whip              ||     4
         Kick              ||     2
         Peck              ||     1
   Cast: Sting             ||    70
         Poisonous Vapours ||    10
 Armour: Robe              ||    10
  Dodge: Dodged            ||    25

Table legend: (Time is in decaauts)
 A = Elapsed time spent in this place.
 B = Non-inter-level travel time spent in this place.
 C = Inter-level travel time spent in this place.
 D = Time resting spent in this place.
 E = Time spent auto-exploring this place.
 F = Levels seen in this place.
 G = Mean time per level.
                   A        B        C        D        E       F      G
               +--------+--------+--------+--------+--------+-----+--------+
         Total |   2705 |   2664 |     41 |   1477 |    912 |   2 | 1352.5 |
       Dungeon |   2705 |   2664 |     41 |   1477 |    912 |   2 | 1352.5 |
               +--------+--------+--------+--------+--------+-----+--------+

Top non-repeatable levels by time:
     D:1: 2197 daAuts
     D:2: 507 daAuts
